 Dungeon Crawl Stone Soup version bcrawl-1.13.5 (webtiles) character file.

Game seed: 8878782107512945866

4393 Banto the Martial Artist (level 10, -4/58 HPs)
             Began as an Octopode Transmuter on Aug 29, 2019.
             Was a Priest of Cheibriados.
             Slain by a troll (5 damage)
             ... on level 8 of the Dungeon.
             The game lasted 00:11:02 (11096 turns).

Banto the Martial Artist (Octopode Transmuter)     Turns: 11096, Time: 00:11:03

Health: -4/58      AC:  1    Str: 16    XL:     10   Next: 35%
Magic:  13/13      EV: 14    Int: 26    God:    Cheibriados [***...]
Gold:   441        SH:  0    Dex: 20    Spells: 2/13 levels left

rFire    + . .     SeeInvis .     - Unarmed
rCold    + . .     Gourm    .   (no shield)
rNeg     . . .     Faith    .   (helmet restricted)
rPois    .         Spirit   .   z - scarf {rC+ rF+}
rElec    +         Reflect  .   (no amulet)
rCorr    .         Harm     .   q - ring of insulation
MR       .....                  (no ring)
Stlth    +++.......             v - ring of flight
HPRegen  0.19/turn              (no ring)
MPRegen  0.13/turn              (no ring)
                                (no ring)
                                (no ring)
                                (no ring)

@: starving, very slow
A: almost no armour, stealthy swim, amphibious, 8 rings, constrict 8, camouflage
1, gelatinous body 1
a: Bend Time, Temporal Distortion, Renounce Religion, Evoke Flight


You were on level 8 of the Dungeon.
You worshipped Cheibriados.
Cheibriados was most pleased with you.
You were starving.

You visited 2 branches of the dungeon, and saw 9 of its levels.
You also visited: Ossuary.

You collected 441 gold pieces.

Inventory:

Missiles
 a - 707 arrows
Armour
 z - a scarf of resistance (worn)
Jewellery
 f - an uncursed ring of ice
 q - a ring of insulation (left tentacle)
 v - a ring of flight (on tentacle)
Wands
 e - a wand of iceblast (7)
 r - a wand of polymorph (19)
 u - a wand of digging (11)
Scrolls
 h - 4 scrolls of teleportation
 l - 5 scrolls of remove curse
 n - a scroll of identify
 p - a scroll of blinking
 x - a scroll of brand weapon {unknown}
 y - a scroll of enchant weapon
Potions
 b - a potion of heal wounds
 c - 2 potions of lignification
 g - a potion of agility {unknown}
 i - 7 potions of curing
 j - 2 potions of haste
 k - 2 potions of invisibility {unknown}
 m - 2 potions of mutation {unknown}
 o - a potion of ambrosia {unknown}
 s - a potion of brilliance {unknown}
 t - 2 potions of resistance {unknown}
Comestibles
 d - 9 rations {!d}
 w - a chunk of flesh


   Skills:
 - Level 1.0 Fighting
 - Level 2.0 Dodging
 + Level 10.8 Unarmed Combat
 - Level 2.0 Spellcasting
 + Level 10.6 Transmutations


You had 2 spell levels left.
You knew the following spells:

 Your Spells              Type           Power        Failure   Level  Hunger
a - Beastly Appendage     Tmut           ######       1%          1    None
b - Sticks to Snakes      Tmut           ######..     1%          2    ##.....
c - Spider Form           Tmut/Pois      ###          3%          3    ###....
d - Blade Hands           Tmut           ######....   3%          5    ######.

Your spell library contained the following spells:

 Spells                   Type           Power        Failure   Level  Hunger
 Magic Dart               Conj           #...         11%         1    None
 Slow                     Hex            #.......     11%         1    None
 Blink                    Tloc           N/A          16%         2    ##.....
 Call Imp                 Summ           #.......     16%         2    ##.....
 Ice Form                 Ice/Tmut       ####....     12%         4    ####...
 Conjure Flame            Conj/Fire      #.......     30%         3    ###....
 Mephitic Cloud           Conj/Pois/Air  #.......     30%         3    ###....


Dungeon Overview and Level Annotations

Branches:
Dungeon (8/12)             Temple (1/1) D:5
   Lair: D:7-9          Orc: D:8-11

Altars:
Cheibriados
Dithmenos
Elyvilon
Gozag
Kikubaaqudgha
Makhleb
Ru
Sif Muna
Trog
Wu Jian
Yredelemnul
The Shining One

Annotations:
D:7 exclusion: two-headed ogre


Innate Abilities, Weirdness & Mutations

You cannot wear most types of armour.
You are very stealthy in the water. (Stealth+)
You are amphibious.
You can wear up to eight rings at the same time.
You can use your tentacles to constrict eight enemies at once.
Your skin changes colour to match your surroundings (Stealth+).
Your rubbery body absorbs attacks. (AC +1, EV +1)


Message History

Unknown command.
You tentacle-slap the jackal.
You kill the jackal!
Cheibriados thoroughly appreciates the change of pace.
The jackal closely misses you.
A wyvern comes into view.
The jackal closely misses you.
The phantom blinks!
The jackal bites you.
You see here a jackal corpse.
You butcher the jackal corpse.
The jackal barely misses you. x2
w - a chunk of flesh The jackal bites you.
The jackal barely misses you. The troll bites you but does no damage.
The troll closely misses you. The troll claws you!
* * * LOW HITPOINT WARNING * * *
The jackal barely misses you. The orc misses you.
There is a stone staircase leading up here.
The orc hits you but does no damage. The troll misses you. The troll claws you!
* * * LOW HITPOINT WARNING * * *
The troll claws you.
You die...

....... #.......#
....... ##..<...#
....($.##......##
..............####
.................##
........#....)....#
........#.........#
.......l###.....###
.......hT@.#......#
........o........##
...............###
............#..#
...........%####
..>....$.....
...####......# ..
..##....


You could see a troll, a wyvern, an orc and a jackal.

Vanquished Creatures
  2 hippogriffs
  Sigmund (D:2)
  A wraith (D:7)
  2 hungry ghosts
  3 ice beasts
  2 phantoms
  2 necrophages
  3 centaurs
  2 ogres
  A crocodile (D:7)
  Blork the orc (D:6)
  2 big kobolds
  7 elf zombies (Ossuary)
  A bullfrog (D:7)
  A wight (D:7)
  2 vampire bats (D:2)
  5 jellies
  A crimson imp (D:4)
  5 hounds
  2 centaur zombies (Ossuary)
  2 bullfrog skeletons
  6 human zombies
  3 bullfrog zombies (D:6)
  2 orc priests
  A centaur skeleton (D:5)
  3 human skeletons (D:7)
  Ijyb (D:3)
  2 orc wizards
  2 worker ants (D:6)
  A killer bee zombie (D:7)
  2 hound zombies
  6 mummies
  14 gnolls
  5 adders
  A howler monkey skeleton (D:4)
  A shadow imp (D:7)
  11 oozes
  2 adder zombies (D:6)
  4 worms
  5 dart slugs
  5 leopard geckos
  16 orcs
  3 ball pythons
  7 bat zombies (D:2)
  3 goblins
  10 hobgoblins
  8 jackals
  26 kobolds
  5 quokkas
  6 bats
  3 frilled lizards
  An orc zombie (D:7)
  5 rats
218 creatures vanquished.

Vanquished Creatures (collateral kills)
  A jelly (D:3)
1 creature vanquished.

Vanquished Creatures (others)
  5 fungi (D:3)
  9 toadstools (D:3)
14 creatures vanquished.

Grand Total: 233 creatures vanquished

Notes
Turn   | Place    | Note
-------+----------+-------------------------------------------
     0 | D:1      | Banto the Octopode Transmuter began the quest for the Orb.
     0 | D:1      | Reached XP level 1. HP: 13/13 MP: 3/3
    89 | D:1      | Reached XP level 2. HP: 3/18 MP: 5/5
   801 | D:1      | Reached XP level 3. HP: 12/23 MP: 6/6
  1942 | D:2      | Found a bloodstained altar of Trog.
  1989 | D:2      | Reached XP level 4. HP: 21/28 MP: 7/7
  2403 | D:2      | Found an ancient bone altar of Kikubaaqudgha.
  2408 | D:2      | Reached XP level 5. HP: 30/33 MP: 6/8
  2883 | D:2      | Noticed Sigmund
  2903 | D:2      | Killed Sigmund
  2903 | D:2      | Reached skill level 5 in Unarmed Combat
  2903 | D:2      | Reached XP level 6. HP: 7/38 MP: 9/9
  3367 | D:3      | Noticed Ijyb
  3628 | D:2      | Learned a level 2 spell: Sticks to Snakes
  3632 | D:2      | Learned a level 3 spell: Spider Form
  3639 | D:3      | Found an opulent altar of Gozag.
  3944 | D:3      | Found a sacrificial altar of Ru.
  3987 | D:3      | Reached skill level 5 in Transmutations
  4162 | D:3      | Killed Ijyb
  4563 | D:3      | Reached XP level 7. HP: 26/43 MP: 8/10
  5086 | D:3      | Found a shimmering blue altar of Sif Muna.
  6356 | D:4      | Found a white marble altar of Elyvilon.
  6387 | D:4      | Reached XP level 8. HP: 26/48 MP: 11/11
  6478 | D:4      | Found a shadowy altar of Dithmenos.
  6966 | D:4      | Found a snail-covered altar of Cheibriados.
  6971 | D:4      | Became a worshipper of Cheibriados the Contemplative
  7061 | D:5      | Entered Level 5 of the Dungeon
  7090 | D:5      | Found a staircase to the Ecumenical Temple.
  7103 | Temple   | Entered the Ecumenical Temple
  8263 | D:6      | Reached * piety under Cheibriados
  8488 | D:6      | Noticed a hippogriff
  8497 | D:6      | Reached XP level 9. HP: 31/51 MP: 12/12
  9319 | D:6      | Noticed Blork the orc
  9333 | D:6      | Killed Blork the orc
  9490 | D:7      | Learned a level 5 spell: Blade Hands
  9503 | D:7      | Found a glowing golden altar of the Shining One.
  9503 | D:7      | Found an ornate altar of the Wu Jian Council.
  9506 | D:7      | Found a burning altar of Makhleb.
  9523 | D:7      | Reached ** piety under Cheibriados
  9718 | D:7      | Found a basalt altar of Yredelemnul.
  9902 | D:7      | Reached skill level 10 in Unarmed Combat
  9954 | D:7      | Found a sand-covered staircase.
  9964 | Ossuary  | Entered an ossuary
  9987 | Ossuary  | Reached XP level 10. HP: 39/56 MP: 11/13
  9997 | Ossuary  | Reached skill level 10 in Transmutations
 10297 | Ossuary  | Reached *** piety under Cheibriados
 10802 | D:7      | Noticed a two-headed ogre
 11096 | D:8      | HP: 1/58 [troll (11)]
 11096 | D:8      | Slain by a troll

Skill      XL: |  1  2  3  4  5  6  7  8  9 10 |
---------------+-------------------------------+-----
Transmutations | 3 4 5 6 8 9 10 | 10.6
Unarmed Combat | 4 5 6 8 10 | 10.8
Fighting       | |  1.0
Dodging        | |  2.0
Spellcasting   | |  2.0

Action                   |  1- 3 |  4- 6 |  7- 9 | 10-12 || total
-------------------------+-------+-------+-------+-------++-------
Melee: Unarmed           |    99 |   125 |   387 |   107 ||   718
       Constrict         |    25 |    26 |    35 |    15 ||   101
       Tentacles         |    14 |    13 |    48 |    41 ||   116
       Kick              |     4 |     8 |     6 |    40 ||    58
       Punch             |     1 |     1 |    12 |    10 ||    24
 Cast: Beastly Appendage |     4 |     5 |     2 |     4 ||    15
       Spider Form       |       |     2 |     7 |       ||     9
       Sticks to Snakes  |       |     1 |     4 |     1 ||     6
       Blade Hands       |       |       |     2 |       ||     2
 Abil: End Transformatio |       |       |     1 |       ||     1
  Use: Scroll            |     3 |     1 |     8 |     1 ||    13
       Potion            |       |       |       |     1 ||     1
 Stab: Sleeping          |     4 |     2 |    15 |     2 ||    23
       Distracted        |       |       |     1 |       ||     1
  Eat: Chunk             |     3 |     1 |    15 |     1 ||    20
       Ration            |       |     2 |     1 |       ||     3
Armor: Skin              |     6 |    15 |    15 |     5 ||    41
Dodge: Dodged            |    57 |   128 |   244 |    44 ||   473
